Map: Lightshade LE

Players

Trap - Winner!

  • Race: Protoss Protoss

PartinG

  • Race: Protoss Protoss

Event: DreamHack SC2 Masters 2021 Fall

VOD

Have the link to the VOD?

Description

Time

  • Played on: Sept. 12, 2021, 10:36 a.m.
  • Length: 13:46

All games in this series

Show
View Real Time Build Order
Export as new Build Order

Trap Protoss - Winner!

Build Orders: 1 Gate Expand 

Get SALT Encoding   

  12  0:00  Probe  
  13  0:12  Probe  
  14  0:17  Pylon  
  14  0:24  Probe (Chrono Boost)  
  15  0:36  Gateway, Probe (Chrono Boost)  
  16  0:44  Probe (Chrono Boost)  
  16  0:46  Assimilator  
  17  0:50  Probe  
  18  1:03  Probe  
  19  1:15  Probe  
  20  1:23  Nexus  
  20  1:33  Cybernetics Core  
  20  1:36  Probe  
  21  1:42  Assimilator  
  21  1:48  Probe  
  21  1:51  Pylon  
  22  2:00  Probe  
  23  2:07  Stalker (Chrono Boost)  
  23  2:09  Warp Gate  
  23  2:12  Probe  
  26  2:22  Robotics Facility  
  26  2:27  Stalker (Chrono Boost)  
  28  2:32  Probe  
  28  2:35  Probe  
  29  2:43  Shield Battery  
  29  2:50  Stalker  
  31  2:56  Probe  
  31  2:57  Probe  
  33  3:09  Immortal (Chrono Boost)  
  37  3:25  Shield Battery, Gateway  
  37  3:31  Shield Battery  
  37  3:37  Shield Battery  
  37  3:43  Immortal (Chrono Boost)  
  41  3:54  Shield Battery  
  41  3:58  Stalker  
  43  4:04  Pylon  
  43  4:16  Immortal (Chrono Boost)  
  43  4:21  Shield Battery  
  43  4:22  Sentry  
  48  4:26  Stalker  
  48  4:30  Pylon  
  50  4:42  Probe x2 (Chrono Boost)  
  51  4:49  Sentry, Zealot  
  55  4:54  Probe (Chrono Boost)  
  55  4:56  Pylon  
  57  5:00  Probe (Chrono Boost)  
  57  5:01  Observer  
  57  5:03  Probe (Chrono Boost)  
  60  5:07  Probe (Chrono Boost)  
  60  5:09  Probe (Chrono Boost)  
  61  5:14  Observer  
  62  5:22  Warp Prism  
  62  5:23  Probe (Chrono Boost)  
  62  5:24  Probe (Chrono Boost)  
  64  5:31  Probe (Chrono Boost)  
  64  5:32  Stargate  
  64  5:35  Probe  
  66  5:43  Probe  
  66  5:44  Pylon  
  67  5:50  Pylon  
  67  5:52  Stalker  
  67  5:54  Probe  
  70  5:58  Pylon  
  70  6:02  Probe  
  71  6:04  Stalker  
  71  6:10  Immortal (Chrono Boost)  
  73  6:19  Probe x2  
  73  6:24  Phoenix (Chrono Boost)  
  75  6:28  Assimilator  
  77  6:33  Probe x2  
  77  6:34  Observer  
  79  6:44  Phoenix (Chrono Boost)  
  81  6:47  Probe x2  
  81  6:53  Assimilator  
  83  6:59  Gateway  
  83  7:00  Forge  
  83  7:02  Probe x2  
  83  7:03  Phoenix (Chrono Boost)  
  87  7:16  Stalker x2  
  91  7:26  Phoenix  
  91  7:28  Pylon  
  93  7:30  Pylon  
  93  7:35  Twilight Council  
  81  8:04  Stalker x3  
  81  8:05  Phoenix, Immortal (Chrono Boost)  
  81  8:06  Observer  
  81  8:10  Protoss Ground Weapons Level 1  
  69  8:22  Charge (Chrono Boost)  
  69  8:26  Gateway  
  57  8:28  Gateway  
  57  8:31  Adept x2  
  61  8:39  Immortal (Chrono Boost)  
  65  8:49  Sentry  
  66  8:56  Stalker, Zealot  
  70  9:05  Observer (Chrono Boost)  
  70  9:28  Immortal  
  70  9:30  Phoenix (Chrono Boost)  
  72  9:40  Zealot x3  
  72  9:44  Nexus  
  78  9:46  Phoenix (Chrono Boost)  
  78  9:49  Zealot x2  
  84  9:57  Templar Archives  
  84  10:04  Zealot x3  
  87  10:17  Phoenix (Chrono Boost)  
  87  10:18  Phoenix (Chrono Boost)  
  81  10:31  Zealot x4  
  89  10:40  Phoenix (Chrono Boost)  
  91  10:48  Gateway  
  91  10:51  High Templar  
  91  10:52  Gateway, High Templar  
  91  10:54  Observer  
  91  10:56  Archon  
  95  11:01  High Templar x2  
  95  11:02  Zealot  
  101  11:05  Archon  
  101  11:07  Probe  
  101  11:08  Probe  
  101  11:09  Probe  
  104  11:15  Pylon  
  104  11:18  Phoenix (Chrono Boost)  
  104  11:32  Zealot  
  104  11:33  Zealot x2  
  104  11:34  Zealot  
  104  11:39  Photon Cannon  
  112  11:41  Observer (Chrono Boost)  
  112  11:46  Zealot  
  115  11:50  Pylon  
  115  11:59  Immortal (Chrono Boost)  
  115  12:00  Observer  
  119  12:03  Pylon, Phoenix  
  117  12:10  Observer  
  117  12:11  Probe x3  
  118  12:19  Photon Cannon  
  118  12:22  High Templar x4, Zealot  
  126  12:27  Archon  
  126  12:28  Archon  
  128  12:32  Phoenix  
  125  12:48  Observer (Chrono Boost)  
  125  12:49  Probe  
  127  12:56  Zealot x4  
  127  12:58  Photon Cannon  
  133  13:01  Photon Cannon  
  133  13:03  Phoenix (Chrono Boost)  
  135  13:11  Probe x3  
  138  13:14  Warp Prism (Chrono Boost)  
  136  13:40  Zealot x5  
Show
View Real Time Build Order
Export as new Build Order

PartinG Protoss 

Build Orders:  

Get SALT Encoding   

  12  0:00  Probe  
  13  0:12  Probe  
  14  0:17  Pylon  
  14  0:24  Probe (Chrono Boost)  
  15  0:36  Gateway, Probe (Chrono Boost)  
  16  0:44  Probe (Chrono Boost)  
  16  0:45  Assimilator  
  17  0:50  Probe  
  17  0:53  Assimilator  
  18  1:03  Probe (Chrono Boost)  
  19  1:06  Gateway  
  20  1:12  Probe (Chrono Boost)  
  20  1:17  Probe (Chrono Boost)  
  20  1:23  Cybernetics Core  
  21  1:29  Probe  
  22  1:34  Pylon  
  22  1:41  Probe  
  23  1:53  Probe  
  24  1:57  Warp Gate (Chrono Boost)  
  24  1:59  Stalker  
  24  2:01  Stalker  
  28  2:11  Pylon  
  28  2:20  Shield Battery  
  28  2:29  Adept  
  30  2:31  Adept  
  30  2:34  Robotics Facility  
  32  2:43  Gateway  
  32  2:59  Stalker  
  32  3:01  Stalker  
  35  3:10  Shield Battery  
  35  3:18  Warp Prism (Chrono Boost)  
  37  3:27  Pylon  
  37  3:45  Stalker  
  37  3:46  Stalker  
  41  3:52  Stalker  
  43  4:06  Pylon  
  43  4:13  Stalker  
  45  4:17  Robotics Bay  
  45  4:25  Observer  
  46  4:48  Nexus  
  46  4:52  Probe  
  47  5:02  Disruptor (Chrono Boost)  
  47  5:04  Probe  
  51  5:14  Twilight Council  
  51  5:15  Observer  
  51  5:16  Probe  
  52  5:23  Pylon  
  52  5:26  Observer  
  52  5:28  Observer, Probe  
  48  5:29  Disruptor (Chrono Boost)  
  52  5:40  Probe  
  52  5:42  Shield Battery  
  53  5:53  Probe  
  54  5:59  Disruptor  
  54  6:02  Probe  
  58  6:05  Probe  
  59  6:11  Blink (Chrono Boost)  
  59  6:19  Probe x2  
  59  6:21  Gateway  
  61  6:28  Pylon  
  61  6:31  Probe  
  61  6:32  Probe  
  63  6:34  Assimilator  
  63  6:41  Stalker  
  63  6:45  Probe x2  
  67  6:49  Stalker  
  69  6:57  Probe x2  
  71  7:09  Probe x2  
  70  7:17  Stalker x3  
  76  7:26  Probe x2  
  76  7:29  Assimilator  
  78  7:34  Pylon  
  78  7:37  Pylon  
  76  7:47  Disruptor  
  73  7:57  Stalker x2  
  73  7:58  Stalker  
  77  8:03  Stalker  
  69  8:08  Probe  
  69  8:09  Observer  
  60  8:13  Probe  
  52  8:20  Probe, Warp Prism (Chrono Boost)  
  52  8:23  Stalker  
  52  8:24  Stalker  
  57  8:32  Probe x2  
  59  8:40  Stalker  
  61  8:44  Stalker  
  63  8:52  Stalker  
  63  8:54  Probe x2  
  67  9:03  Stalker  
  67  9:09  Observer  
  69  9:13  Stalker  
  69  9:14  Stalker  
  72  9:17  Stalker  
  72  9:22  Observer  
  70  9:25  Probe x2  
  71  9:39  Disruptor  
  74  9:50  Stalker  
  74  9:51  Stalker  
  77  9:55  Probe (Chrono Boost)  
  77  9:59  Probe (Chrono Boost)  
  79  10:06  Probe (Chrono Boost)  
  69  10:25  Disruptor (Chrono Boost)  
  62  10:30  Stalker x4  
  71  10:44  Dark Shrine  
  71  10:54  Warp Prism (Chrono Boost)  
  73  11:20  Nexus, Stalker  
  73  11:23  Pylon  
  75  11:28  Observer (Chrono Boost)  
  76  11:41  Shield Battery  
  76  11:44  Probe x2  
  76  11:46  Disruptor (Chrono Boost)  
  78  11:52  Shield Battery  
  75  12:14  Dark Templar x4  
  77  12:20  Disruptor (Chrono Boost)  
  72  12:50  Stalker x4  
  81  12:51  Probe  
  81  12:56  Probe x2  
  80  13:02  Archon  
  80  13:03  Probe  
  79  13:14  Stalker x3  
  79  13:18  Probe  
  86  13:26  Stalker  
  72  13:39  Stalker  
  72  13:40  Stalker x2  

Tags
 
Add a new tag
Caveats
  • Supply blocks, unpowered buildings, or Contaminate may cause inaccurate times.
  • Supply counts are checked every 10 seconds.